| TOP OF THE 1ST |
|
Detroit Tigers batting - Pitching for Cleveland Spiders : RHP Vinny Mendoza
|
|
Pitching: RHP Vinny Mendoza
|
|
|
Batting: RHB Tack Wilson
|
0-0: Called Strike 0-1: Ball 1-1: Ball 2-1: Foul Ball, location: 2F 2-2: Ball 3-2: Foul Ball, location: 2F 3-2: Ground out 1-3 (Groundball, 13, EV 65.0 MPH)
|
|
Batting: SHB Tony Phillips
|
0-0: Ball 1-0: Swinging Strike 1-1: Swinging Strike 1-2: Ball 2-2: Strikes out swinging
|
|
Batting: LHB Jerry Tabb
|
0-0: Ball 1-0: Fly out, F7 (Flyball, 7S, EV 78.8 MPH)
|
| Top of the 1st over - 0 runs, 0 hits, 0 errors, 0 left on base; Detroit 0 - Cleveland 0 |
| BOTTOM OF THE 1ST |
|
Cleveland Spiders batting - Pitching for Detroit Tigers : LHP Charlie Leibrandt
|
|
Pitching: LHP Charlie Leibrandt
|
|
|
Batting: SHB Bump Wills
|
0-0: Swinging Strike 0-1: Ball 1-1: Foul Ball, location: 2F 1-2: Foul Ball, location: 2F 1-2: Ball 2-2: Ball 3-2: Ground out 5-3 (Groundball, 56S, EV 85.6 MPH)
|
|
Batting: RHB Tom Brunansky
|
0-0: Called Strike 0-1: Ball 1-1: Swinging Strike 1-2: Fly out, F9 (Flyball, 9, EV 87.5 MPH)
|
|
Batting: RHB Gary Gaetti
|
0-0: Ball 1-0: Fly out, F9 (Flyball, 89D, EV 82.5 MPH)
|
| Bottom of the 1st over - 0 runs, 0 hits, 0 errors, 0 left on base; Detroit 0 - Cleveland 0 |
| TOP OF THE 2ND |
|
Detroit Tigers batting - Pitching for Cleveland Spiders : RHP Vinny Mendoza
|
|
Batting: RHB Dave Kingman
|
0-0: Swinging Strike 0-1: Foul Ball, location: 2F 0-2: Fly out, F8 (Flyball, 78D, EV 73.8 MPH)
|
|
Batting: RHB Larry Parrish
|
0-0: Ball 1-0: Swinging Strike 1-1: Ball 2-1: Called Strike 2-2: Strikes out swinging
|
|
Batting: SHB Lee Mazzilli
|
0-0: Foul Ball, location: 2F 0-1: Foul Ball, location: 2F 0-2: Ball 1-2: Ball 2-2: Fly out, F8 (Line Drive, 8LM, EV 86.3 MPH)
|
| Top of the 2nd over - 0 runs, 0 hits, 0 errors, 0 left on base; Detroit 0 - Cleveland 0 |
| BOTTOM OF THE 2ND |
|
Cleveland Spiders batting - Pitching for Detroit Tigers : LHP Charlie Leibrandt
|
|
Batting: SHB Salvador Perez
|
0-0: Ball 1-0: Called Strike 1-1: Ball 2-1: Foul Ball, location: 2F 2-2: Foul Ball, location: 2F 2-2: Foul Ball, location: 2F 2-2: Ground out 3-1 (Groundball, 34, EV 85.0 MPH)
|
|
Batting: RHB Clayton Elliott
|
0-0: Ball 1-0: Called Strike 1-1: Ball 2-1: Ball 3-1: Ground out 6-3 (Groundball, 56, EV 90.0 MPH)
|
|
Batting: RHB Alan Trammell
|
0-0: Fly out, F8 (Flyball, 8RS, EV 93.8 MPH)
|
| Bottom of the 2nd over - 0 runs, 0 hits, 0 errors, 0 left on base; Detroit 0 - Cleveland 0 |
| TOP OF THE 3RD |
|
Detroit Tigers batting - Pitching for Cleveland Spiders : RHP Vinny Mendoza
|
|
Batting: RHB Keith Moreland
|
0-0: Ball 1-0: Called Strike 1-1: Foul Ball, location: 2F 1-2: Ball 2-2: Strikes out looking
|
|
Batting: RHB Jose Hidalgo
|
0-0: Ball 1-0: Foul Ball, location: 2F 1-1: Ground out 3-1 (Groundball, 34, EV 110.0 MPH)
|
|
Batting: SHB Raul Gonzalez
|
0-0: Called Strike 0-1: Foul Ball, location: 2F 0-2: Strikes out swinging
|
| Top of the 3rd over - 0 runs, 0 hits, 0 errors, 0 left on base; Detroit 0 - Cleveland 0 |
| BOTTOM OF THE 3RD |
|
Cleveland Spiders batting - Pitching for Detroit Tigers : LHP Charlie Leibrandt
|
|
Batting: RHB Cressy Pratt
|
0-0: Swinging Strike 0-1: Ball 1-1: Ball 2-1: Foul Ball, location: 2F 2-2: Ball 3-2: Base on Balls
|
|
Batting: RHB Kevin Bell
|
0-0: Called Strike 0-1: Foul Ball, location: 2F 0-2: Ball 1-2: Ball 2-2: Fly out, F8 (Flyball, 89M, EV 86.9 MPH)
|
|
Batting: RHB Gene Tenace
|
0-0: Ball 1-0: Called Strike 1-1: Foul Ball, location: 2F 1-2: Fly out, F5 (Popup, 56S, EV 65.0 MPH)
|
|
Batting: SHB Bump Wills
|
0-0: Fielders Choice at 2nd, 6-4 (Groundball, 6, EV 81.9 MPH)
|
| Bottom of the 3rd over - 0 runs, 0 hits, 0 errors, 1 left on base; Detroit 0 - Cleveland 0 |
| TOP OF THE 4TH |
|
Detroit Tigers batting - Pitching for Cleveland Spiders : RHP Vinny Mendoza
|
|
Batting: RHB Tack Wilson
|
0-0: Called Strike 0-1: Ball 1-1: Ball 2-1: Foul Ball, location: 2F 2-2: Ball 3-2: Base on Balls
|
|
Batting: SHB Tony Phillips
|
0-0: Ball 1-0: Ball 2-0: Called Strike 2-1: Ball 3-1: Foul Ball, location: 2F 3-2: Reached on error, E6 (Groundball, 6, EV 101.3 MPH) Tack Wilson to second
|
|
Batting: LHB Jerry Tabb
|
0-0: Ball 1-0: Foul Ball, location: 2F 1-1: Ball 2-1: Ball 3-1: Called Strike 3-2: Foul Ball, location: 2F 3-2: Base on Balls Tack Wilson to third Tony Phillips to second
|
|
Batting: RHB Dave Kingman
|
0-0: Ball 1-0: Called Strike 1-1: Foul Ball, location: 2F 1-2: Strikes out swinging
|
|
Batting: RHB Larry Parrish
|
0-0: Called Strike 0-1: Ball 1-1: GRAND SLAM HOME RUN (Flyball, 78XD, EV 91.9 MPH), Distance : 400 ft
|
|
Batting: SHB Lee Mazzilli
|
0-0: Ball 1-0: Called Strike 1-1: Single, Error in OF, E8, batter to second base (Groundball, 6MD, EV 107.5 MPH)
|
|
Batting: RHB Keith Moreland
|
0-0: Swinging Strike 0-1: Foul Ball, location: 2F 0-2: Ball 1-2: Strikes out swinging
|
|
Batting: RHB Jose Hidalgo
|
0-0: Called Strike 0-1: Ground out 4-3 (Groundball, 34, EV 84.4 MPH)
|
| Top of the 4th over - 4 runs, 2 hits, 2 errors, 1 left on base; Detroit 4 - Cleveland 0 |
| BOTTOM OF THE 4TH |
|
Cleveland Spiders batting - Pitching for Detroit Tigers : LHP Charlie Leibrandt
|
|
Batting: RHB Tom Brunansky
|
0-0: Called Strike 0-1: Ball 1-1: Foul Ball, location: 2F 1-2: Foul Ball, location: 2F 1-2: SINGLE (Groundball, 6MD, EV 101.9 MPH) (infield hit)
|
|
Batting: RHB Gary Gaetti
|
0-0: Ball 1-0: Foul Ball, location: 2F 1-1: Foul Ball, location: 2F 1-2: SINGLE (Popup, 4MD, EV 64.4 MPH) Tom Brunansky to second
|
|
Batting: SHB Salvador Perez
|
0-0: Ball Tom Brunansky steals 3rd base Gary Gaetti to second 1-0: Called Strike 1-1: Ball 2-1: SINGLE (Line Drive, 56, EV 96.3 MPH) Tom Brunansky scores Gary Gaetti to third
|
|
Batting: RHB Clayton Elliott
|
0-0: Ball 1-0: Called Strike 1-1: Ball 2-1: Called Strike 2-2: Foul Ball, location: 2F 2-2: Foul Ball, location: 2F 2-2: Grounds into double play, 4-6-3 (Groundball, 34, EV 108.1 MPH) Gary Gaetti scores
|
|
Batting: RHB Alan Trammell
|
0-0: SINGLE (Groundball, 4MD, EV 99.4 MPH)
|
|
Batting: RHB Cressy Pratt
|
0-0: Ball 1-0: Swinging Strike 1-1: Foul Ball, location: 2F 1-2: Ball 2-2: Ball 3-2: Foul Ball, location: 2F 3-2: SINGLE (Line Drive, 78M, EV 91.9 MPH) Alan Trammell to second Alan Trammell to third
|
|
Batting: RHB Kevin Bell
|
0-0: Ball 1-0: Fly out, F7 (Flyball, 7D, EV 91.3 MPH)
|
| Bottom of the 4th over - 2 runs, 5 hits, 0 errors, 2 left on base; Detroit 4 - Cleveland 2 |
| TOP OF THE 5TH |
|
Detroit Tigers batting - Pitching for Cleveland Spiders : RHP Vinny Mendoza
|
|
Batting: SHB Raul Gonzalez
|
0-0: Ball 1-0: Called Strike 1-1: Foul Ball, location: 2F 1-2: Strikes out swinging
|
|
Batting: RHB Tack Wilson
|
0-0: Ball 1-0: Ball 2-0: Foul Ball, location: 2F 2-1: Ground out 6-3 (Groundball, 6, EV 99.4 MPH)
|
|
Batting: SHB Tony Phillips
|
0-0: Called Strike 0-1: Foul Ball, location: 2F 0-2: Ground out 6-3 (Groundball, 6D, EV 90.6 MPH)
|
| Top of the 5th over - 0 runs, 0 hits, 0 errors, 0 left on base; Detroit 4 - Cleveland 2 |
| BOTTOM OF THE 5TH |
|
Cleveland Spiders batting - Pitching for Detroit Tigers : LHP Charlie Leibrandt
|
|
Batting: RHB Gene Tenace
|
0-0: Ball 1-0: Ball 2-0: Foul Ball, location: 2F 2-1: Fly out, F8 (Flyball, 8LS, EV 71.9 MPH)
|
|
Batting: SHB Bump Wills
|
0-0: Ball 1-0: SINGLE (Groundball, P, EV 88.8 MPH) (infield hit)
|
|
Batting: RHB Tom Brunansky
|
0-0: Called Strike Bump Wills steals 2nd base 0-1: Called Strike 0-2: Ball 1-2: Ball 2-2: Ball 3-2: Fly out, F8 (Flyball, 89XD, EV 87.5 MPH) Runner from 2nd tags up, SAFE at 3rd, no throw by CF
|
|
Batting: RHB Gary Gaetti
|
0-0: Ball 1-0: Ball 2-0: Ball 3-0: Called Strike 3-1: Called Strike 3-2: Base on Balls
|
|
Batting: SHB Salvador Perez
|
0-0: Ball 1-0: Foul Ball, location: 2F 1-1: Fly out, F9 (Flyball, 9LD, EV 90.6 MPH)
|
| Bottom of the 5th over - 0 runs, 1 hit, 0 errors, 2 left on base; Detroit 4 - Cleveland 2 |
| TOP OF THE 6TH |
|
Detroit Tigers batting - Pitching for Cleveland Spiders : RHP Vinny Mendoza
|
|
Batting: LHB Jerry Tabb
|
0-0: SOLO HOME RUN (Flyball, 9D, EV 93.8 MPH), Distance : 405 ft
|
|
Batting: RHB Dave Kingman
|
0-0: Ball 1-0: Called Strike 1-1: Foul Ball, location: 2F 1-2: Ball 2-2: Foul Ball, location: 2F 2-2: Foul Ball, location: 2F 2-2: Fly out, F6 (Line Drive, 6, EV 71.3 MPH)
|
|
Batting: RHB Larry Parrish
|
0-0: Ball 1-0: Foul Ball, location: 2F 1-1: SINGLE (Groundball, 56D, EV 98.8 MPH)
|
|
Batting: SHB Lee Mazzilli
|
0-0: Called Strike 0-1: Fielders Choice at 2nd, 5-4 (Groundball, 56, EV 84.4 MPH)
|
|
Batting: RHB Keith Moreland
|
0-0: Ball Lee Mazzilli steals 2nd base 1-0: Foul Ball, location: 2F 1-1: Foul Ball, location: 2F 1-2: Ball 2-2: Fly out, F3 (Line Drive, 3, EV 64.4 MPH)
|
| Top of the 6th over - 1 run, 2 hits, 0 errors, 1 left on base; Detroit 5 - Cleveland 2 |
| BOTTOM OF THE 6TH |
|
Cleveland Spiders batting - Pitching for Detroit Tigers : LHP Charlie Leibrandt
|
|
Batting: RHB Clayton Elliott
|
0-0: Called Strike 0-1: Ball 1-1: Foul Ball, location: 2F 1-2: Ball 2-2: Ball 3-2: Fly out, F8 (Flyball, 89S, EV 91.3 MPH)
|
|
Batting: RHB Alan Trammell
|
0-0: Ground out 5-3 (Groundball, 5, EV 85.6 MPH)
|
|
Batting: RHB Cressy Pratt
|
0-0: Called Strike 0-1: Ball 1-1: Called Strike 1-2: Ball 2-2: SINGLE (Line Drive, 56, EV 99.4 MPH)
|
|
Batting: RHB Kevin Bell
|
0-0: Ball 1-0: Ball 2-0: Fielders Choice at 2nd, 6-4 (Groundball, 6, EV 101.9 MPH)
|
| Bottom of the 6th over - 0 runs, 1 hit, 0 errors, 1 left on base; Detroit 5 - Cleveland 2 |
| TOP OF THE 7TH |
|
Detroit Tigers batting - Pitching for Cleveland Spiders : RHP Vinny Mendoza
|
|
Pitching: RHP Bill Laskey
|
|
|
Batting: RHB Jose Hidalgo
|
0-0: Called Strike 0-1: Ball 1-1: Ball 2-1: Ball 3-1: Called Strike 3-2: Foul Ball, location: 2F 3-2: Foul Ball, location: 2F 3-2: Base on Balls
|
|
Batting: SHB Raul Gonzalez
|
0-0: Called Strike 0-1: Sac Bunt to 15S - play at first, batter OUT! 1-3 Jose Hidalgo to second
|
|
Batting: RHB Tack Wilson
|
0-0: Called Strike 0-1: Ball 1-1: Ball Wild Pitch! Jose Hidalgo to third 2-1: DOUBLE (Line Drive, 3D, EV 96.3 MPH) Jose Hidalgo scores
|
|
Batting: SHB Tony Phillips
|
0-0: Ball Tack Wilson steals 3rd base 1-0: Ball 2-0: Called Strike 2-1: Called Strike 2-2: Foul Ball, location: 2F 2-2: Ball 3-2: Base on Balls
|
|
Batting: LHB Jerry Tabb
|
0-0: Ball 1-0: Ball 2-0: Foul Ball, location: 2F 2-1: Ball 3-1: Base on Balls Tony Phillips to second
|
|
Batting: RHB Dave Kingman
|
0-0: Swinging Strike 0-1: Called Strike 0-2: Strikes out looking
|
|
Batting: RHB Larry Parrish
|
0-0: Fielders Choice at 2nd, 6-4 (Groundball, 56D, EV 96.3 MPH)
|
| Top of the 7th over - 1 run, 1 hit, 0 errors, 3 left on base; Detroit 6 - Cleveland 2 |
| BOTTOM OF THE 7TH |
|
Cleveland Spiders batting - Pitching for Detroit Tigers : LHP Charlie Leibrandt
|
|
Batting: RHB Gene Tenace
|
0-0: SOLO HOME RUN (Flyball, 78XD, EV 95.6 MPH), Distance : 407 ft
|
|
Batting: SHB Bump Wills
|
0-0: Called Strike 0-1: Ball 1-1: Ball 2-1: Swinging Strike 2-2: Foul Ball, location: 2F 2-2: Ball 3-2: Strikes out swinging
|
|
Batting: RHB Tom Brunansky
|
0-0: Ball 1-0: Fly out, F9 (Flyball, 9, EV 85.6 MPH)
|
|
Batting: RHB Gary Gaetti
|
0-0: Ball 1-0: Swinging Strike 1-1: Ball 2-1: Called Strike 2-2: Ball 3-2: Ground out 4-3 (Groundball, 34, EV 86.3 MPH)
|
| Bottom of the 7th over - 1 run, 1 hit, 0 errors, 0 left on base; Detroit 6 - Cleveland 3 |
| TOP OF THE 8TH |
|
Detroit Tigers batting - Pitching for Cleveland Spiders : RHP Bill Laskey
|
|
Batting: SHB Lee Mazzilli
|
0-0: Ball 1-0: Foul Ball, location: 2F 1-1: Foul Ball, location: 2F 1-2: Ball 2-2: Reached on error, E9 (Flyball, 89M, EV 89.4 MPH)
|
|
Batting: RHB Keith Moreland
|
0-0: Called Strike 0-1: Ball 1-1: Foul Ball, location: 2F 1-2: Foul Ball, location: 2F 1-2: DOUBLE (Groundball, 5L, EV 105.0 MPH) Lee Mazzilli to third Runner from 3rd tries for Home, SAFE, no throw by LF
|
|
Batting: RHB Jose Hidalgo
|
0-0: Called Strike 0-1: Foul Ball, location: 2F 0-2: Ball 1-2: SINGLE (Groundball, 13S, EV 69.4 MPH) (infield hit) Keith Moreland to third
|
|
Batting: SHB Raul Gonzalez
|
0-0: Ball 1-0: Ball Jose Hidalgo steals 2nd base 2-0: Swinging Strike 2-1: Ball 3-1: Base on Balls
|
|
Batting: RHB Tack Wilson
|
0-0: Ball 1-0: Ball 2-0: Called Strike 2-1: Swinging Strike 2-2: DOUBLE (Groundball, 3L, EV 101.9 MPH) Keith Moreland scores Jose Hidalgo scores Raul Gonzalez to third Runner from 3rd tries for Home, SAFE, throw by RF to home
|
|
Pitching: LHP Gary Williams
|
|
|
Batting: SHB Tony Phillips
|
0-0: Ball 1-0: Foul Ball, location: 2F 1-1: Foul Ball, location: 2F 1-2: Foul Ball, location: 2F 1-2: Foul Ball, location: 2F 1-2: Foul Ball, location: 2F 1-2: Ball 2-2: Fly out, F7 (Flyball, 78XD, EV 88.8 MPH) Runner from 2nd tags up, SAFE at 3rd, no throw by LF
|
|
Batting: LHB Jerry Tabb
|
0-0: Swinging Strike 0-1: Ball 1-1: Called Strike 1-2: Foul Ball, location: 2F 1-2: Strikes out swinging
|
|
Batting: RHB Dave Kingman
|
0-0: Ball 1-0: Ball 2-0: Foul Ball, location: 2F 2-1: Swinging Strike 2-2: Hit by Pitch
|
|
Batting: RHB Larry Parrish
|
0-0: Ball 1-0: Called Strike 1-1: Ball 2-1: Ball 3-1: Fly out, F7 (Flyball, 78M, EV 90.0 MPH)
|
| Top of the 8th over - 4 runs, 3 hits, 1 error, 2 left on base; Detroit 10 - Cleveland 3 |
| BOTTOM OF THE 8TH |
|
Cleveland Spiders batting - Pitching for Detroit Tigers : LHP Charlie Leibrandt
|
|
Pinch Hitting: RHB Randy Elliott
|
0-0: Foul Ball, location: 2F 0-1: Called Strike 0-2: Ball 1-2: Fly out, F8 (Flyball, 8RXD, EV 95.6 MPH)
|
|
Pinch Hitting: RHB Henry Torres
|
0-0: Called Strike 0-1: Ball 1-1: Ball 2-1: Ball 3-1: Base on Balls
|
|
Batting: RHB Alan Trammell
|
0-0: Ball 1-0: Ground out 5-3 (Groundball, 56S, EV 63.8 MPH) Henry Torres to second
|
|
Batting: RHB Cressy Pratt
|
0-0: Ball 1-0: Swinging Strike 1-1: Foul Ball, location: 2F 1-2: Foul Ball, location: 2F 1-2: Ground out 6-3 (Groundball, 56D, EV 104.4 MPH)
|
| Bottom of the 8th over - 0 runs, 0 hits, 0 errors, 1 left on base; Detroit 10 - Cleveland 3 |
| TOP OF THE 9TH |
|
Detroit Tigers batting - Pitching for Cleveland Spiders : LHP Gary Williams
|
|
Now in LF: Randy Elliott
|
|
|
Now in CF: Jordan Ventura
|
|
|
Batting: SHB Lee Mazzilli
|
0-0: Ball 1-0: Foul Ball, location: 2F 1-1: SINGLE (Groundball, 56D, EV 93.8 MPH)
|
|
Pinch Hitting: LHB Dan Graham
|
0-0: Fly out, F8 (Line Drive, 8RD, EV 90.6 MPH)
|
|
Batting: RHB Jose Hidalgo
|
0-0: Called Strike Pickoff Throw to First - Error! E1 Lee Mazzilli to second 0-1: Ball Wild Pitch! Lee Mazzilli to third 1-1: Foul Ball, location: 2F 1-2: Ball 2-2: Fly out, F8 (Flyball, 8RD, EV 100.0 MPH) Runner from 3rd tags up, SCORES, throw by CF
|
|
Batting: SHB Raul Gonzalez
|
0-0: Swinging Strike 0-1: Ball 1-1: Swinging Strike 1-2: Strikes out swinging
|
| Top of the 9th over - 1 run, 1 hit, 1 error, 0 left on base; Detroit 11 - Cleveland 3 |
| BOTTOM OF THE 9TH |
|
Cleveland Spiders batting - Pitching for Detroit Tigers : LHP Charlie Leibrandt
|
|
Now at C: Dan Graham
|
|
|
Batting: RHB Kevin Bell
|
0-0: Ball 1-0: Called Strike 1-1: Ball 2-1: Ball 3-1: SINGLE (Line Drive, 4MD, EV 101.3 MPH)
|
|
Batting: RHB Gene Tenace
|
0-0: Fielders Choice at 2nd, 4-6 (Groundball, 4S, EV 79.4 MPH)
|
|
Pitching: LHP Mark Fisher
|
|
|
Batting: SHB Bump Wills
|
0-0: Fly out, F7 (Line Drive, 7, EV 90.0 MPH)
|
|
Batting: RHB Tom Brunansky
|
0-0: Ball 1-0: Fly out, F7 (Line Drive, 7S, EV 91.9 MPH)
|
| Bottom of the 9th over - 0 runs, 1 hit, 0 errors, 1 left on base; Detroit 11 - Cleveland 3 |
|